 Dungeon Crawl Stone Soup version 0.31-a0-833-gc15d34cb79 (webtiles) character file.

Game seed: 3133421342488158922

2225840 PaleRider the Gelid (level 26, 162/232 HPs)
             Began as a Demigod Ice Elementalist on Sept 22, 2023.
             Escaped with the Orb
             ... and 5 runes on Sept 25, 2023!
             The game lasted 08:54:40 (121487 turns).

PaleRider the Gelid (Demigod Ice Elementalist)    Turns: 121487, Time: 08:54:40

Health: 162/232    AC: 20    Str: 24    XL:     26   Next: 6%
Magic:  53/70      EV: 20    Int: 50    God:
Gold:   2623       SH: 13    Dex: 21    Spells: 10/53 levels left

rFire   + + .        I - staff "Dofe" {rF+ rC+ Str+4 Fire}
rCold   + + +        V - +0 kite shield of Xedid {*Slow Regen+ Str+5}
rNeg    . . .        J - quicksilver dragon scales
rPois   .            E - +3 hat of Pondering {ponderous, Will+ MP+10 Int+5}
rElec   +            P - scarf {rC+ rF+}
rCorr   .            B - +0 pair of gloves of Servitude {rC++ Regen+ SInv Stlth-}
SInv    +            i - +2 pair of boots {Stlth+}
Will    +++++        U - amulet of magic regeneration
Stlth   +            n - ring "Zicediz" {rElec MP+9 Str+6}
HPRegen 2.18/turn    Q - ring "Biluij" {Will+ EV+5 Dex+3 Slay+3}
MPRegen 0.82/turn

%: slow self (1%)
@: studying Ice Magic, slow
A: high MP 2, forlorn, divine attributes, horns 1, talons 2
0: Orb of Zot
}: 5/15 runes: decaying, slimy, silver, abyssal, gossamer
a: no special abilities


You escaped.
You visited 11 branches of the dungeon, and saw 55 of its levels.
You visited the Abyss 3 times.
You also visited: Trove, Ossuary and Desolation.

You collected 10176 gold pieces.
You spent 7553 gold pieces at shops.

Inventory:

Hand Weapons
 x - the +1 demon blade of Charity {pain, Int+2}
   (You found it on level 1 of the Depths)

   Int+2:     It affects your intelligence (+2).
Missiles
 o - 24 boomerangs
 D - 3 silver javelins (quivered)
 G - 28 curare-tipped darts
 K - 36 poisoned darts
Armour
 i - a +2 pair of boots of stealth (worn)
 t - the +0 helmet of Insurance {rF+ Will++}
   (You found it on level 5 of the Vaults)

   rF+:       It protects you from fire.
   Will++:    It greatly increases your willpower.
 B - the +0 pair of gloves of Servitude (worn) {rC++ Regen+ SInv Stlth-}
   (You bought it in a shop on level 2 of the Orcish Mines)

   rC++:      It greatly protects you from cold.
   SInv:      It lets you see invisible.
   Regen+:    It increases your rate of health regeneration.
   Stlth-:    It makes you less stealthy.
 E - the +3 hat of Pondering (worn) {ponderous, Will+ MP+10 Int+5}
   (You found it on level 5 of the Vaults)

   Int+5:     It affects your intelligence (+5).
   Will+:     It increases your willpower.
   MP+10:     It affects your magic capacity (+10).
 J - quicksilver dragon scales (worn)
 P - a scarf of resistance (worn)
 V - the +0 kite shield of Xedid (worn) {*Slow Regen+ Str+5}
   (You acquired it on level 1 of the Swamp)

   Str+5:     It affects your strength (+5).
   Regen+:    It increases your rate of health regeneration.
   *Slow:     It may slow you when you take damage.
Magical Staves
 I - the staff "Dofe" (weapon) {rF+ rC+ Str+4 Fire}
   (You took it off a yaktaur on level 5 of the Vaults)

   [staff of fire]

   Base accuracy: +5 Base damage: 5 Base attack delay: 1.2 This weapon's minimum
   attack delay (0.6) is reached at skill level 12.
   Str+4:     It affects your strength (+4).
   rF+:       It protects you from fire.
   rC+:       It protects you from cold.
   Fire:      It increases the power of your Fire spells.
   It falls into the 'Staves' category.
   It is a one-handed weapon.
Jewellery
 d - a ring of protection from cold
 e - a ring of see invisible
 h - the ring of Qykerer {Fly rElec}
   (You found it on level 5 of the Pits of Slime)

   [ring of flight]

   rElec:     It insulates you from electricity.
   Fly:       It grants you flight.
 j - the ring "Juxtaaqa" {Will+ Int+3}
   (You found it on level 5 of the Vaults)

   [ring of willpower]

   Int+3:     It affects your intelligence (+3).
   Will+:     It increases your willpower.
 n - the ring "Zicediz" (left hand) {rElec MP+9 Str+6}
   (You took it off a deep elf annihilator on level 3 of the Elven Halls)

   [ring of magical power]

   Str+6:     It affects your strength (+6).
   rElec:     It insulates you from electricity.
   MP+9:      It affects your magic capacity (+9).
 s - the ring "Onweg" {rN+ Int+2 Dex+6}
   (You found it on level 4 of the Dungeon)

   [ring of dexterity]

   Int+2:     It affects your intelligence (+2).
   Dex+6:     It affects your dexterity (+6).
   rN+:       It protects you from negative energy.
 u - a +6 ring of intelligence
 F - a ring of protection from fire
 O - a ring of poison resistance
 Q - the ring "Biluij" (right hand) {Will+ EV+5 Dex+3 Slay+3}
   (You took it off a deep elf knight on level 3 of the Elven Halls)

   [ring of evasion]

   EV+5:      It affects your evasion (+5).
   Dex+3:     It affects your dexterity (+3).
   Slay+3:    It affects your accuracy & damage with ranged weapons and melee
   (+3).
   Will+:     It increases your willpower.
 U - an amulet of magic regeneration (around neck)
Wands
 a - a wand of roots (36)
 r - a wand of paralysis (101)
 Z - a wand of digging (24)
Scrolls
 b - 10 scrolls of vulnerability
 c - 17 scrolls of fear
 p - 26 scrolls of teleportation
 q - 10 scrolls of blinking
 y - 12 scrolls of enchant armour
 L - a scroll of amnesia
 N - 12 scrolls of revelation
 R - 12 scrolls of enchant weapon
 S - 10 scrolls of fog
 T - a scroll of summoning
 W - 12 scrolls of immolation
Potions
 f - 5 potions of might
 g - 24 potions of curing
 k - 12 potions of attraction
 m - 4 potions of cancellation
 v - 6 potions of brilliance
 w - 6 potions of ambrosia
 z - 2 potions of mutation
 A - 9 potions of lignification
 C - 2 potions of enlightenment
 H - 4 potions of heal wounds
 X - 5 potions of haste
Miscellaneous
 l - a phantom mirror
 M - a condenser vane
 Y - a phial of floods


   Skills:
 - Level 18.0 Fighting
 - Level 9.7 Short Blades
 - Level 4.5 Staves
 - Level 9.1 Armour
 - Level 7.5 Dodging
 - Level 1.7 Stealth
 - Level 12.0 Shields
 - Level 14.2 Spellcasting
 - Level 18.1 Conjurations
 - Level 10.4 Summonings
 - Level 10.0 Necromancy
 - Level 16.9 Fire Magic
 + Level 19.3 Ice Magic
 - Level 18.3 Earth Magic
 - Level 5.0 Evocations


You had 10 spell levels left.
You knew the following spells:

 Your Spells              Type           Power      Damage    Failure   Level
a - Lee's Rapid Deconstr  Erth           60%        3d28*     1%          5
c - Lehudib's Crystal Sp  Conj/Erth      60%        10d14     4%          8
f - Freezing Cloud        Conj/Ice/Air   51%        6-21      1%          5
j - Borgnjor's Vile Clut  Necr/Erth      54%        N/A       1%          5
o - Orb of Destruction    Conj           60%        9d15      1%          7
r - Frozen Ramparts       Ice            100%       1d16      0%          3
s - Stone Arrow           Conj/Erth      100%       3d13      0%          3
w - Spellforged Servitor  Conj/Summ      54%        N/A       3%          7

Your spell library contained the following spells:

 Spells                   Type           Power      Damage    Failure   Level
 Foxfire                  Conj/Fire      100%       2x1d9     0%          1
 Freeze                   Ice            100%       1d10      0%          1
 Magic Dart               Conj           100%       1d8       0%          1
 Scorch                   Fire           100%       2d9       0%          2
 Searing Ray              Conj           100%       2d8       0%          2
 Hailstorm                Conj/Ice       100%       3d20      0%          3
 Ozocubu's Armour         Ice            100%       N/A       0%          3
 Brom's Barrelling Bould  Conj/Erth      100%       2d11      0%          4
 Flame Wave               Conj/Fire      100%       2d21      0%          4
 Sticky Flame             Conj/Fire      100%       2d11      0%          4
 Apportation              Tloc           70%        N/A       1%          1
 Necrotise                Necr           100%       1d9       1%          1
 Shock                    Conj/Air       100%       1d9       1%          1
 Sting                    Tmut/Pois      100%       1d8       1%          1
 Summon Small Mammal      Summ           100%       N/A       1%          1
 Call Imp                 Summ           100%       N/A       1%          2
 Cigotuvi's Dreadful Rot  Necr/Pois/Air  100%       N/A       1%          2
 Ensorcelled Hibernation  Hex/Ice        100%       N/A       1%          2
 Jinxbite                 Hex            70%        N/A       1%          2
 Lesser Beckoning         Tloc           70%        N/A       1%          2
 Passwall                 Tmut/Erth      75%        N/A       1%          2
 Poisonous Vapours        Pois/Air       70%        N/A       1%          2
 Sublimation of Blood     Necr           94%        N/A       1%          2
 Wereblood                Tmut           35%        N/A       1%          2
 Call Canine Familiar     Summ           96%        N/A       1%          3
 Dazzling Flash           Conj/Hex       100%       N/A       1%          3
 Ignite Poison            Fire/Tmut/Pois 95%        N/A       1%          3
 Inner Flame              Hex/Fire       100%       N/A       1%          3
 Mephitic Cloud           Conj/Pois/Air  77%        N/A       1%          3
 Summon Guardian Golem    Hex/Summ       73%        N/A       1%          3
 Vampiric Draining        Necr           94%        2d12      1%          3
 Volatile Blastmotes      Fire/Tloc      100%       2d18      1%          3
 Anguish                  Hex/Necr       36%        N/A       1%          4
 Animate Dead             Necr           94%        N/A       1%          4
 Fulminant Prism          Conj/Hex       45%        3d21      1%          4
 Iskenderun's Mystic Bla  Conj/Tloc      91%        2d18      1%          4
 Leda's Liquefaction      Hex/Erth       45%        N/A       1%          4
 Petrify                  Tmut/Erth      91%        N/A       1%          4
 Summon Ice Beast         Ice/Summ       100%       N/A       1%          4
 Summon Lightning Spire   Summ/Air       73%        N/A       1%          4
 Agony                    Necr           94%        N/A       1%          5
 Fireball                 Conj/Fire      71%        3d27      1%          5
 Iskenderun's Battlesphe  Conj           100%       2d15      1%          5
 Metabolic Englaciation   Hex/Ice        46%        N/A       1%          5
 Bombard                  Conj/Erth      60%        9d10      1%          6
 Simulacrum               Ice/Necr       55%        N/A       1%          6
 Starburst                Conj/Fire      71%        6d18      1%          6
 Ozocubu's Refrigeration  Ice            62%        4d21      1%          7
 Death Channel            Necr           47%        N/A       3%          6
 Sigil of Binding         Hex            35%        N/A       4%          3
 Swiftness                Air            35%        N/A       4%          3
 Tukima's Dance           Hex            35%        N/A       4%          3
 Summon Forest            Summ/Tloc      36%        N/A       4%          5
 Summon Mana Viper        Hex/Summ       73%        N/A       4%          5
 Plasma Beam              Fire/Air       55%        2x1d70    6%          6
 Ignition                 Fire           70%        3d19      9%          8
 Airstrike                Air            17%        2d(3-19)  14%         4
 Dimensional Bullseye     Hex/Tloc       17%        N/A       14%         4
 Olgreb's Toxic Radiance  Pois           35%        N/A       14%         4
 Passage of Golubria      Tloc           35%        N/A       14%         4
 Monstrous Menagerie      Summ           48%        N/A       16%         7
 Summon Hydra             Summ           48%        N/A       16%         7
 Haunt                    Necr/Summ      47%        N/A       17%         7
 Alistair's Intoxication  Tmut/Pois      23%        N/A       36%         5
 Silence                  Hex/Air        17%        N/A       36%         5
 Yara's Violent Unravell  Hex/Tmut       17%        3d8       36%         5
 Polar Vortex             Ice            62%        12d8*     43%         9
 Shatter                  Erth           60%        3d45*     58%         9
 Malign Gateway           Summ/Tloc      36%        N/A       80%         7
 Borgnjor's Revivificati  Necr           47%        N/A       83%         8
 Infestation              Necr           47%        N/A       83%         8
 Eringya's Noxious Bog    Tmut/Pois      17%        4d6       91%         6
 Discord                  Hex            17%        N/A       100%        8
 Maxwell's Capacitive Co  Air            17%        ∞         100%        8
 Death's Door             Necr           47%        N/A       100%        9
 Dragon's Call            Summ           48%        N/A       100%        9


Dungeon Overview and Level Annotations

Branches:
Dungeon (15/15)            Temple (0/1) D:6            Lair (5/5) D:8
  Swamp (4/4) Lair:2       Spider (4/4) Lair:2        Slime (5/5) Lair:4
    Orc (2/2) D:10            Elf (3/3) Orc:2        Vaults (5/5) D:13
  Crypt (3/3) Vaults:2       Tomb (0/3) Crypt:3      Depths (4/4) D:15
    Zot (5/5) Depths:4    Ossuary (visited)         Desolation (visited)

Shops:
D:10 ?[[   Orc:1 ?   Orc:2 [*[*   Elf:3 !   Vaults:1 ?   Depths:1 :=:

Portals:
Hell: Depths:1 Depths:2 Depths:3 Depths:4
Abyss: Spider:3 Depths:1 Depths:2 Depths:3 Depths:4
Pandemonium: Depths:2
Ziggurat: Depths:4

Annotations:
D:2 Sigmund
D:6 2 transporters, Edmund; Yorgos's ghost, novice OpSh
D:14 3 runed translucent doors, Veqeor's ghost, journeyman DrCj
Lair:2 1 runed translucent door
Zot:4 1 runed translucent door, Eghefix's ghost, legendary GnFi


Innate Abilities, Weirdness & Mutations

You have a considerably increased reservoir of magic. (+20% MP)
You shall have no god before yourself.
Your divine heritage dramatically boosts your attributes as you level up.
You have a pair of small horns on your head.
You have razor-sharp toenails.


Message History

The blast of rock fragments hits the Ice Fiend!!
The Ice Fiend is heavily wounded.
The zombie hands constrict the Ice Fiend!
The Ice Fiend struggles to escape constriction.
You regained 2 hp, and now have 134/255 hp.
You now have 48/66 mp.
Casting: Lee's Rapid Deconstruction (safe; 1% risk of failure)
Confirm with . or Enter, or press ? or * to list all spells.
Aiming: Lee's Rapid Deconstruction (safe; 1% risk of failure)
Press: ? - help, Dir - move target A translucent rock wall.
The wall shatters!
The blast of rock fragments hits the Ice Fiend!!
You kill the Ice Fiend!
You regained 2 hp, and now have 136/255 hp.
You now have 44/66 mp.
You regained 3 hp, and now have 139/255 hp.
You regained 2 hp, and now have 141/255 hp.
You regained 2 hp, and now have 143/255 hp.
You open the door.
You regained 3 hp, and now have 146/255 hp.
There is an open door here.
You regained 2 hp, and now have 148/255 hp.
There is a fountain of clear blue water here.
You regained 3 hp, and now have 151/255 hp.
There is a staircase leading out of the dungeon here.
You regained 2 hp, and now have 153/255 hp.
You feel extremely strange.
You feel frail.
Your system completely accepts the healing effects of potions.
You feel more energetic.
Your toenails lengthen and sharpen.
You regained 2 hp, and now have 155/232 hp.
Unknown command.
You start resting.
A frilled lizard comes into view.
You regained 4 hp, and now have 159/232 hp.
You regained 2 mp, and now have 52/70 mp.
You can't go down here!
The frilled lizard hisses angrily.
You have escaped!

*,* #,* *#..#.#,*,, *,* #.*
#### *......,,,, *,* #.#*
#..####.#.#.#,*,,
*,**###..####...........,,,,
*,,,#.............#.#******,
***,,,#.........#.#,*******,
**,,##..#'#..##........,,,
*,,,####⌠####..#######***
*,8,,++⌠@⌠++..8#*
*,,,####⌠####...#
*,,##..#'#..##..#
*,.#.........#..#
*****.....).........#***
*,,,,................,,*
*,,,,.....l.........#*,*
*,,*,#.#.......#.####*,* *
**,,,..........#...,,*,* *


You could see a frilled lizard.

Vanquished Creatures
  the Royal Jelly (Slime:5)
  6 orbs of fire (Zot:5)
  5 ancient liches
  3 dread liches
  Mara (Swamp:4)
  A pandemonium lord (Zot:5)
  Josephina (Crypt:3)
  Margery (Vaults:3)
  the Lernaean hydra (Swamp:4)
  Frederick (Vaults:5)
  4 Killer Klowns
  3 curse toes
  Saint Roka (Elf:3)
  12 golden dragons
  5 bone dragons
  Arachne (Spider:2)
  A Brimstone Fiend (D:4)
  A profane servitor (Abyss:4)
  2 electric golems
  2 Tzitzimimeh
  14 tentacled monstrosities
  A Hell Sentinel (D:5)
  Zenata (Vaults:4)
  A walking crystal tome (Depths:3)
  8 liches
  An Ice Fiend (D:1)
  3 deep elf blademasters
  2 titans
  A walking frostbound tome (Depths:3)
  A quicksilver dragon (shapeshifter) (Depths:1)
  17 Orb Guardians
  8 quicksilver dragons
  3 sphinxes
  6 ancient champions
  2 deep elf master archers (Elf:3)
  3 tentacled starspawn
  A death cob (Zot:4)
  11 acid blobs
  A thorn hunter (Swamp:4)
  9 shadow dragons
  Gastronok (Lair:3)
  Aizul (Elf:1)
  Kirke (Swamp:2)
  3 draconian monks
  4 azure jellies (Slime:5)
  9 storm dragons
  3 deep elf sorcerers
  2 fire giants
  7 rockslimes
  4 emperor scorpions
  8 frost giants
  3 draconian scorchers
  5 draconian knights
  An iron dragon (Depths:1)
  A revenant (Crypt:1)
  12 vault wardens
  2 imperial myrmidons (Desolation)
  5 draconian shifters
  5 deep elf elementalists (Elf:3)
  A balrug (Zot:3)
  A juggernaut zombie (Crypt:2)
  A curse skull (Crypt:1)
  7 formless jellyfish
  5 ghost moths
  4 war gargoyles
  3 angels (Depths:4)
  4 draconian stormcallers
  4 ghouls
  23 ironbound preservers
  2 broodmothers (Spider:2)
  5 reapers
  A juggernaut skeleton (Crypt:1)
  A spriggan defender (Depths:3)
  9 draconian annihilators
  26 very ugly things
  13 stone giants
  10 green draconians
  8 quicksilver oozes
  7 vampire knights
  8 ironbound thunderhulks
  Nessos (Lair:3)
  8 black draconians
  4 eleionomae
  An eleionoma (shapeshifter) (Vaults:5)
  6 dire elephants
  13 deep elf annihilators
  4 deep elf demonologists
  10 white draconians
  Azrael (D:15)
  10 purple draconians
  15 spark wasps
  11 yellow draconians
  5 bunyips
  9 red draconians
  A halazid warlock (Desolation)
  3 crystal guardians (Desolation)
  10 deep elf death magi
  6 eidola
  11 ettins
  16 yaktaur captains
  2 blizzard demons (Abyss:4)
  4 jiangshi
  7 entropy weavers
  5 fire dragons
  5 deep elf high priests
  4 ragged hierophants (Desolation)
  10 great orbs of eyes
  A fenstrider witch zombie (Crypt:1)
  20 hydras
  5 ice dragons
  A ghost crab (Swamp:4)
  A jorogumo (Spider:4)
  6 ogre magi
  2 rakshasas (Depths:1)
  2 hell beasts
  A catoblepas (Lair:2)
  A spriggan skeleton (Crypt:3)
  12 servants of whispers
  A quicksilver dragon skeleton (Crypt:3)
  9 peacekeepers (Desolation)
  3 spriggan air magi
  31 vault guards
  6 ironbound frosthearts
  11 alligators
  14 centaur warriors
  15 two-headed ogres
  10 boulder beetles
  6 vampire magi
  3 radroaches
  3 death yaks (D:8)
  4 tengu warriors
  26 dancing weapons
  4 deep troll earth magi
  5 hell hogs (Depths:1)
  9 demonic crawlers
  3 titan zombies
  16 deep elf knights
  3 deep troll shamans
  2 spriggan berserkers (Depths:3)
  Sonja (Lair:2)
  A storm dragon zombie (Crypt:2)
  18 hell knights
  A titan skeleton (Vaults:4)
  4 sun demons
  32 skeletal warriors
  2 soul eaters
  A fire crab (shapeshifter) (D:13)
  2 shadow wraiths
  Amaemon (Lair:3)
  2 sun moths
  An emperor scorpion zombie (Crypt:1)
  3 iron trolls
  8 goliath frogs
  3 skysharks
  4 wretched stars (Abyss:4)
  Lodul (D:13)
  67 deep trolls
  A goliath frog (shapeshifter) (Vaults:5)
  6 glowing orange brains
  3 spriggan druids
  7 wizards
  12 swamp dragons
  4 deep elf archers
  A storm dragon skeleton (Crypt:2)
  7 flayed ghosts
  6 orb spiders
  A bunyip skeleton (Crypt:3)
  A shadow demon (Abyss:4)
  A spriggan simulacrum (Crypt:3)
  17 lindwurms
  8 phantasmal warriors
  8 harpies
  17 bog bodies
  2 tengu zombies
  An iron giant skeleton (Abyss:2)
  17 ironbound convokers
  4 orc knights
  6 steelbarb worms
  27 deep elf pyromancers
  2 shadow dragon skeletons (Vaults:4)
  24 deep elf zephyrmancers
  A broodmother zombie (Crypt:1)
  9 necromancers
  An anaconda skeleton (Crypt:2)
  22 wolf spiders
  A human zombie (Vaults:4)
  A tengu skeleton (Vaults:4)
  An oklob plant (Lair:2)
  2 will-o-the-wisps
  A salamander (shapeshifter) (Depths:3)
  A cyclops (D:15)
  5 orc sorcerers
  3 shining eyes
  2 manticores
  An iron dragon skeleton (Crypt:1)
  45 ugly things
  A naga zombie (Crypt:1)
  A worldbinder (Abyss:4)
  A dire elephant zombie (Crypt:3)
  27 moths of wrath
  16 vault sentinels
  A black mamba (shapeshifter) (Depths:1)
  3 smoke demons
  A stone giant skeleton (Crypt:3)
  4 black mambas
  8 guardian serpents
  An alligator snapping turtle zombie (Crypt:2)
  2 eyes of devastation
  A molten gargoyle (Desolation)
  3 dire elephant skeletons (Crypt:3)
  10 cane toads
  8 torpor snails
  3 centaur skeletons (D:13)
  9 komodo dragons
  2 orange demons
  A hellion (D:1)
  An orb spider zombie (Crypt:3)
  2 rime drakes
  2 freezing wraiths
  26 yaktaurs
  A kobold demonologist (D:8)
  2 rime drakes (shapeshifter)
  2 efreet
  A redback zombie (Crypt:2)
  An alligator snapping turtle skeleton (Crypt:3)
  2 ice devils
  2 anaconda simulacra (Crypt:3)
  A yaktaur zombie (Vaults:4)
  3 tengu conjurers
  3 hellwings (Abyss:4)
  A guardian mummy (Crypt:3)
  6 ancient zymes
  A troll (D:12)
  A harpy zombie (Crypt:1)
  A meliai (Spider:2)
  15 tyrant leeches
  5 polar bears
  A death drake zombie (Crypt:3)
  A mana viper skeleton (Crypt:2)
  9 raiju
  Prince Ribbit (D:8)
  4 harpy skeletons (Crypt:3)
  75 saltlings
  39 tarantellas
  11 blink frogs
  20 hornets
  21 jumping spiders
  4 ynoxinuls (Abyss:4)
  2 centaur simulacra
  78 slime creatures
  12 spriggans
  2 air elementals (Elf:1)
  A dire elephant simulacrum (Crypt:3)
  A water elemental (Elf:2)
  14 flying skulls
  An ettin skeleton (Vaults:4)
  A wind drake zombie (Crypt:3)
  15 culicivoras
  47 yaks
  5 basilisks
  11 starcursed masses
  A wraith (D:12)
  4 wyverns
  3 humans
  9 fire elementals
  A hog (Swamp:2)
  2 black mamba skeletons
  3 golden eyes (Slime:5)
  3 steam dragons
  5 neqoxecs
  3 vampire mosquitoes (Swamp:1)
  A deep troll zombie (Crypt:2)
  41 redbacks
  6 large abominations
  21 swamp worms
  5 wargs
  A hell hound (D:15)
  4 acid dragons
  A skyshark zombie (Crypt:1)
  A glowing shapeshifter skeleton (Vaults:4)
  A water moccasin (shapeshifter) (Abyss:4)
  12 water moccasins
  15 orc warriors
  8 swamp drakes
  A cane toad skeleton (Crypt:1)
  An ice beast (D:15)
  A swamp dragon zombie (Crypt:1)
  2 ettin simulacra
  14 wolves
  13 black bears
  A sky beast (D:7)
  A blink frog zombie (Crypt:1)
  5 boggarts (Vaults:2)
  19 centaurs
  36 ogres
  3 kobold brigands
  10 bullfrogs
  2 necrophages (Crypt:1)
  A gnoll sergeant (D:7)
  5 scorpions
  4 earth elementals
  A komodo dragon skeleton (Crypt:2)
  A water moccasin zombie (Crypt:2)
  A hornet simulacrum (D:14)
  14 wights
  A shapeshifter zombie (Crypt:2)
  A water moccasin skeleton (Crypt:2)
  12 killer bees
  9 howler monkeys
  4 nameless horrors
  An electric eel (D:10)
  A hound (D:4)
  2 quasits (Abyss:2)
  An iron imp (Abyss:2)
  A jelly (D:5)
  2 gnoll boudas
  12 orc priests
  A black bear skeleton (Crypt:1)
  A sleepcap (D:6)
  4 small abominations
  Jessica (D:2)
  5 iguanas
  17 orc wizards
  A deep dwarf skeleton (Crypt:1)
  14 mummies
  19 gnolls
  A howler monkey zombie (Crypt:1)
  A steam dragon zombie (Crypt:3)
  5 adders
  2 shadow imps
  4 white imps
  3 worms
  A dart slug (D:4)
  64 orcs
  A bat skeleton (Crypt:3)
  9 endoplasms
  5 giant cockroaches
  5 goblins
  7 hobgoblins
  6 jackals
  2 quokkas
  6 ball pythons
  2 bats (D:2)
  5 frilled lizards
  A gnoll zombie (Crypt:3)
  23 kobolds
  A kobold skeleton (Crypt:3)
  10 rats
  A river rat skeleton (Crypt:2)
  2 lurking horrors
2338 creatures vanquished.

Vanquished Creatures (collateral kills)
  4 orbs of fire
  Mennas (Crypt:3)
  A Killer Klown (Zot:5)
  3 golden dragons
  A bone dragon (Abyss:4)
  A tentacled monstrosity (Zot:2)
  An electric golem (Zot:5)
  A lich (Zot:5)
  11 Orb Guardians (Zot:5)
  A tentacled starspawn (Abyss:4)
  An ancient champion (Crypt:3)
  2 acid blobs (Slime:5)
  A shadow dragon (Zot:2)
  An azure jelly (Slime:5)
  A draconian monk (Depths:4)
  4 rockslimes (Slime:5)
  An iron dragon (Vaults:5)
  A draconian shifter (Zot:2)
  A caustic shrike zombie (Abyss:4)
  A draconian annihilator (Depths:4)
  A reaper (Crypt:3)
  A green draconian (Zot:5)
  2 quicksilver oozes (Slime:5)
  A stone giant (Depths:4)
  A black draconian (Zot:4)
  3 purple draconians
  5 starcursed masses (Abyss:4)
  A dire elephant (Vaults:2)
  2 yellow draconians (Zot:5)
  A red draconian (Zot:5)
  2 white draconians (Depths:4)
  An eidolon (Crypt:3)
  2 ettins (Vaults:5)
  2 blizzard demons (Depths:2)
  A merfolk impaler (Abyss:4)
  2 fire dragons
  2 great orbs of eyes (Slime:5)
  An entropy weaver (Spider:1)
  Harold (Orc:1)
  An ice dragon (Depths:4)
  A spriggan air mage (Depths:4)
  An ogre mage (Orc:2)
  4 two-headed ogres
  A deep troll earth mage (Depths:4)
  A hell knight (Depths:4)
  2 sun demons
  An iron troll (Depths:4)
  A titan skeleton (Crypt:3)
  A sixfirhy (Abyss:4)
  A wretched star (Abyss:4)
  7 skeletal warriors (Crypt:3)
  A flayed ghost (Abyss:4)
  A deep troll (Depths:4)
  A necromancer (Depths:4)
  7 large abominations (Abyss:4)
  2 worldbinders (Abyss:4)
  3 smoke demons (Abyss:4)
  A naga zombie (Crypt:3)
  An alligator snapping turtle zombie (Crypt:3)
  A cane toad (Lair:5)
  A centaur skeleton (D:13)
  An alligator snapping turtle skeleton (Crypt:3)
  A dire elephant skeleton (Crypt:3)
  A yaktaur (Vaults:5)
  A komodo dragon (Lair:1)
  A polar bear (Lair:1)
  A harpy skeleton (Crypt:3)
  2 tyrant leeches
  7 raiju (Abyss:4)
  2 jumping spiders (Spider:1)
  18 slime creatures
  An air elemental (Abyss:4)
  A ynoxinul (Abyss:4)
  A culicivora (Spider:1)
  A shadow (D:10)
  A nameless horror (Ossuary)
  A wraith (D:10)
  2 ettin skeletons (Crypt:3)
  5 yaks
  A chaos spawn (Abyss:4)
  Grum (Lair:1)
  A redback (Spider:1)
  3 small abominations (Abyss:4)
  A water moccasin (Lair:1)
  2 orc warriors
  An ice beast (D:5)
  3 ogres
  A wolf (Lair:1)
  A phantom (D:5)
  A bullfrog (D:5)
  2 gnoll sergeants
  2 wights
  A killer bee (D:7)
  A howler monkey (D:8)
  An orc priest (Orc:2)
  A hound (D:5)
  3 jellies
  An iron imp (Abyss:4)
  3 iguanas
  3 orc wizards
  6 mummies (Ossuary)
  A gnoll (D:8)
  A white imp (D:8)
  8 orcs
  A frilled lizard skeleton (Crypt:3)
  A gnoll zombie (Ossuary)
  A hobgoblin zombie (Ossuary)
  3 kobold zombies (Ossuary)
  3 orc zombies (Ossuary)
  2 starspawn tentacles (Abyss:4)
221 creatures vanquished.

Vanquished Creatures (others)
  An eldritch tentacle (Zot:5)
  An alligator (Swamp:4)
  A smoke demon (Abyss:4)
  A bloated husk (Swamp:1)
  4 humans (Swamp:2)
  A small abomination (Abyss:2)
  A shapeshifter zombie (Crypt:3)
  An ufetubus (Abyss:2)
  18 foxfires
  A lurking horror (Spider:3)
  5 starspawn tentacles (Abyss:4)
35 creatures vanquished.

Grand Total: 2594 creatures vanquished

Notes
Turn   | Place    | Note
-------+----------+-------------------------------------------
     0 | D:1      | PaleRider the Demigod Ice Elementalist began the quest for
                  | the Orb.
     0 | D:1      | Reached XP level 1. HP: 14/14 MP: 5/5
    14 | D:1      | You fall into a shaft and drop 1 floor!
   276 | D:2      | Reached XP level 2. HP: 15/20 MP: 1/7
   312 | D:2      | Reached skill level 4 in Ice Magic
   705 | D:2      | Noticed Sigmund
   705 | D:2      | Noticed Jessica
   755 | D:3      | Reached XP level 3. HP: 26/26 MP: 7/9
  1321 | D:3      | Reached XP level 4. HP: 31/33 MP: 6/11
  1514 | D:3      | Learned a level 3 spell: Frozen Ramparts
  1641 | D:3      | Got a thrumming book
  2124 | D:4      | Reached skill level 5 in Ice Magic
  2124 | D:4      | Reached XP level 5. HP: 35/38 MP: 7/13
  2669 | D:4      | Reached XP level 6. HP: 45/45 MP: 15/15
  2671 | D:4      | Identified the ring "Onweg" {rN+ Int+2 Dex+6}
  3294 | D:5      | Entered Level 5 of the Dungeon
  3310 | D:5      | Learned a level 4 spell: Summon Ice Beast
  3569 | D:5      | Reached skill level 6 in Ice Magic
  3644 | D:5      | Reached skill level 5 in Spellcasting
  3644 | D:5      | Reached XP level 7. HP: 42/50 MP: 18/18
  3662 | D:5      | Found a sand-covered staircase.
  3702 | Ossuary  | Entered an ossuary
  3788 | Ossuary  | Noticed a nameless horror
  3792 | Ossuary  | Killed a nameless horror
  4577 | D:5      | Reached skill level 7 in Ice Magic
  4843 | D:5      | Reached XP level 8. HP: 57/57 MP: 20/20
  5084 | D:5      | Reached skill level 8 in Ice Magic
  5387 | D:6      | Found a staircase to the Ecumenical Temple.
  5658 | D:6      | Found a transporter.
  5658 | D:6      | Noticed Yorgos's ghost (novice OpSh)
  5660 | D:6      | Found a transporter.
  5751 | D:6      | Noticed Edmund
  5879 | D:6      | Noticed a hornet
  6187 | D:7      | Reached XP level 9. HP: 61/62 MP: 24/24
  6371 | D:7      | Reached skill level 9 in Ice Magic
  6667 | D:7      | Identified the +2 buckler of Inquiry {Will+}
  6730 | D:7      | Reached skill level 1 in Shields
  6889 | D:7      | Identified a scroll of acquirement
  6889 | D:7      | Acquired a +0 helmet of intelligence
  6905 | D:8      | Noticed a death yak
  6935 | D:8      | Noticed a death yak
  6950 | D:8      | Noticed Prince Ribbit
  6950 | D:8      | Noticed a death yak
  7028 | D:8      | Noticed a kobold demonologist
  7038 | D:8      | Killed a kobold demonologist
  7039 | D:8      | Reached skill level 1 in Necromancy
  7039 | D:8      | Reached skill level 1 in Earth Magic
  7530 | D:8      | Reached XP level 10. HP: 69/69 MP: 22/26
  7583 | D:8      | Reached skill level 1 in Conjurations
  7850 | D:8      | Found a staircase to the Lair.
  7961 | D:8      | Killed Prince Ribbit
  7992 | D:8      | Noticed a two-headed ogre
  8000 | D:8      | Killed a two-headed ogre
  8001 | D:8      | Reached skill level 5 in Shields
  8269 | D:8      | Killed a death yak
  8270 | D:8      | Reached skill level 5 in Earth Magic
  8401 | D:8      | Killed a death yak
  8410 | D:8      | Killed a death yak
  8786 | D:9      | Reached XP level 11. HP: 85/85 MP: 12/27
  9304 | D:10     | Entered Level 10 of the Dungeon
  9341 | D:10     | Reached skill level 5 in Fighting
  9401 | D:10     | Found Qikiavae's Armour Emporium.
  9424 | D:10     | Found a staircase to the Orcish Mines.
  9977 | D:10     | Learned a level 5 spell: Borgnjor's Vile Clutch
  9979 | D:10     | Found Xyvyohon's Magic Scroll Shoppe.
  9991 | D:10     | Found Jitefiwk's Armour Shoppe.
 10049 | D:10     | Bought 2 scrolls of revelation for 180 gold pieces
 10466 | D:11     | Noticed a two-headed ogre
 10474 | D:11     | Noticed a boulder beetle
 10478 | D:11     | Killed a two-headed ogre
 10479 | D:11     | Reached skill level 5 in Necromancy
 10928 | D:11     | Noticed a boulder beetle
 11124 | Lair:1   | Entered Level 1 of the Lair of Beasts
 11971 | Lair:1   | Noticed Grum
 11989 | Lair:1   | Killed Grum
 12427 | Lair:2   | Noticed Sonja
 12438 | Lair:2   | Killed Sonja
 12439 | Lair:2   | Reached skill level 1 in Fire Magic
 12612 | Lair:2   | Noticed a catoblepas
 12615 | Lair:2   | Found a staircase to the Swamp.
 12955 | Lair:2   | Found a hole to the Spider Nest.
 13306 | Lair:2   | Reached XP level 12. HP: 97/97 MP: 10/28
 13488 | Lair:2   | Found the +3 robe of Clouds {*Thunder rCloud rElec}
 13520 | Lair:2   | Found a runed translucent door.
 13529 | Lair:2   | Noticed a reaper
 13928 | Lair:2   | Learned a level 5 spell: Fireball
 14816 | Lair:3   | Identified the +0 long sword of Broken Luck {heavy, rF- rC-
                  | Int+2 Dex+7}
 14845 | Lair:3   | Noticed Nessos
 14891 | Lair:3   | Noticed a four-headed hydra
 14902 | Lair:3   | Killed a four-headed hydra
 15064 | Lair:3   | Reached skill level 5 in Fire Magic
 15452 | Lair:3   | Noticed a six-headed hydra
 15458 | Lair:3   | Killed a six-headed hydra
 15932 | Lair:3   | Noticed Amaemon
 15942 | Lair:3   | Killed Amaemon
 15950 | Lair:3   | Killed Nessos
 16126 | Lair:3   | Reached skill level 5 in Conjurations
 16307 | Lair:3   | Noticed Gastronok
 16327 | Lair:3   | Killed Gastronok
 16654 | Lair:3   | Reached skill level 5 in Dodging
 17527 | Lair:4   | Reached XP level 13. HP: 108/108 MP: 13/29
 18112 | Lair:4   | Found a staircase to the Slime Pits.
 18492 | Lair:5   | Entered Level 5 of the Lair of Beasts
 20479 | Lair:5   | Reached skill level 10 in Fighting
 20892 | Orc:1    | Entered Level 1 of the Orcish Mines
 20909 | Orc:1    | Found Ipsoruz's Magic Scroll Shop.
 21338 | Orc:1    | Noticed Harold
 21350 | Orc:1    | Killed Harold
 21661 | Orc:2    | Entered Level 2 of the Orcish Mines
 21903 | Orc:2    | Reached skill level 1 in Evocations
 23030 | Orc:2    | Found a staircase to the Elven Halls.
 23349 | Orc:2    | Reached XP level 14. HP: 99/121 MP: 9/30
 23896 | Orc:2    | Reached skill level 5 in Evocations
 24037 | Orc:2    | Found Jualameg's General Store.
 24037 | Orc:2    | Found Zutir's Antique Armour Shoppe.
 24038 | Orc:2    | Found Leibuoq's General Store.
 24038 | Orc:2    | Found Feguvacs's Armour Shop.
 24063 | Orc:2    | Bought the +0 pair of gloves of Servitude {rC++ Regen+ SInv
                  | Stlth-} for 477 gold pieces
 24657 | Orc:1    | Bought a scroll of acquirement for 728 gold pieces
 24657 | Orc:1    | Acquired 1032 gold pieces
 24821 | Orc:2    | Learned a level 3 spell: Inner Flame
 27745 | D:13     | Noticed Lodul
 27820 | D:13     | Killed Lodul
 27988 | D:13     | Paralysed by an ogre mage for 3 turns
 29935 | D:13     | Got a weird book
 30162 | D:13     | Found a gate to the Vaults.
 30299 | D:13     | Learned a level 3 spell: Stone Arrow
 30885 | D:14     | Found a runed translucent gate.
 30889 | D:14     | Found a runed translucent gate.
 30889 | D:14     | Found a runed translucent gate.
 31259 | D:14     | Identified the +4 long sword "Ryoph" {drain, rN+}
 31502 | D:14     | Noticed Veqeor's ghost (journeyman DrCj)
 31820 | D:15     | Entered Level 15 of the Dungeon
 32554 | D:15     | Reached skill level 10 in Spellcasting
 33301 | D:15     | Reached XP level 15. HP: 119/128 MP: 13/33
 33415 | D:15     | Noticed Azrael
 33431 | D:15     | Killed Azrael
 33571 | D:15     | Found a staircase to the Depths.
 33739 | Abyss:2  | Cast into level 2 of the Abyss (a wizard)
 33808 | Abyss:2  | Noticed a bone dragon
 33898 | Abyss:2  | Noticed a daeva
 34001 | Abyss:2  | Noticed a tentacled starspawn
 34014 | Abyss:2  | Killed a tentacled starspawn
 34044 | Abyss:2  | Gained mutation: You are dopey. (Int -2) [a neqoxec]
 34457 | D:15     | Escaped the Abyss
 35078 | Lair:5   | Found a runed translucent door.
 36245 | Orc:2    | Bought a scarf of resistance for 480 gold pieces
 36430 | Spider:1 | Entered Level 1 of the Spider Nest
 37431 | Orc:2    | Bought quicksilver dragon scales for 900 gold pieces
 37573 | Lair:2   | Reached skill level 1 in Armour
 38967 | Spider:2 | Reached skill level 5 in Armour
 39110 | Spider:2 | Noticed Arachne
 39126 | Spider:2 | Killed Arachne
 40473 | Spider:1 | Learned a level 5 spell: Freezing Cloud
 40557 | Spider:2 | Reached skill level 1 in Short Blades
 40557 | Spider:2 | Reached XP level 16. HP: 116/139 MP: 4/35
 41907 | Spider:3 | Found a one-way gate to the infinite horrors of the Abyss.
 42359 | Spider:3 | Reached skill level 5 in Short Blades
 43687 | Swamp:1  | Entered Level 1 of the Swamp
 45275 | Swamp:1  | Acquired the +0 kite shield of Xedid {*Slow Regen+ Str+5}
 46251 | Swamp:2  | Noticed Kirke
 46256 | Swamp:2  | Killed Kirke
 49173 | Swamp:4  | Entered Level 4 of the Swamp
 50206 | Swamp:4  | Noticed Mara
 50363 | Swamp:4  | Reached XP level 17. HP: 133/146 MP: 17/37
 52758 | Swamp:4  | Noticed PaleRider's illusion
 52934 | Swamp:4  | Killed Mara
 53722 | Swamp:4  | Noticed the 27-headed Lernaean hydra
 53741 | Swamp:4  | Killed the 27-headed Lernaean hydra
 53897 | Swamp:4  | Got a decaying rune of Zot
 55164 | Slime:1  | Entered Level 1 of the Pits of Slime
 55286 | Spider:4 | Entered Level 4 of the Spider Nest
 56170 | Spider:4 | Identified the +0 ring mail of the Centaur {rN+}
 57283 | Spider:4 | Reached skill level 10 in Conjurations
 59174 | Spider:4 | Identified the +0 hat "Kiph" {Harm *Slow Regen+ Dex-2}
 59196 | Spider:4 | Got a gossamer rune of Zot
 59233 | Spider:4 | Upgraded the game from 0.31-a0-816-gd61d57ddb1 to
                  | 0.31-a0-819-gf6de2f5ab6
 59533 | Vaults:1 | Entered Level 1 of the Vaults
 59744 | Vaults:1 | Found Pojy's Magic Scroll Shoppe.
 60528 | Elf:1    | Entered Level 1 of the Elven Halls
 60940 | Elf:1    | Noticed Aizul
 60956 | Elf:1    | Killed Aizul
 61197 | Elf:1    | Reached XP level 18. HP: 155/159 MP: 33/41
 61835 | Elf:1    | Identified the amulet "Xairu" {Faith Int+4}
 63375 | Elf:2    | Identified the +1 flail of a Thousand Tables {holy, Will-
                  | Str-5 Int+8}
 63879 | Elf:2    | Found a huge runed translucent gate.
 63879 | Elf:2    | Found a huge runed translucent gate.
 63879 | Elf:2    | Found a huge runed translucent gate.
 63879 | Elf:2    | Found a huge runed translucent gate.
 63879 | Elf:2    | Found a huge runed translucent gate.
 63963 | Elf:3    | Entered Level 3 of the Elven Halls
 64250 | Elf:3    | Found Iwal's Distillery.
 65190 | Elf:3    | Noticed Saint Roka
 65213 | Elf:3    | Killed Saint Roka
 66594 | Elf:3    | Identified the amulet "Taosolus" {Spirit Harm rElec rPois
                  | rF-}
 67937 | Elf:3    | Identified the ring "Zicediz" {rElec MP+9 Str+6}
 68396 | Elf:3    | Identified the ring "Biluij" {Will+ EV+5 Dex+3 Slay+3}
 69875 | Elf:3    | Identified the +0 scale mail of the Unbroken {Contam +Inv
                  | Str+3 Dex+3}
 70877 | Vaults:1 | Identified the +4 mace of the Desolation of Salt {flame,
                  | Str+4 Int+3 SInv Stlth+}
 72343 | Vaults:1 | Reached XP level 19. HP: 168/168 MP: 34/43
 72707 | Vaults:1 | Identified the +3 helmet of Voaphai {+Inv rPois Str-3
                  | Dex+5}
 72979 | Vaults:2 | Reached skill level 10 in Shields
 75143 | Vaults:2 | Found a staircase to the Crypt.
 76372 | Vaults:3 | Noticed Margery
 76383 | Vaults:3 | Killed Margery
 76792 | Vaults:3 | Found a portal to a secret trove of treasure.
 77306 | Vaults:3 | Paralysed by a formless jellyfish for 1 turns
 77428 | Vaults:3 | Learned a level 7 spell: Orb of Destruction
 77913 | Vaults:3 | Identified the +7 falchion of the Writhing Puffin {venom,
                  | +Blink rCorr}
 78530 | Vaults:4 | Found a crumbling gateway.
 78534 | Desolati | Entered the Desolation of Salt
 79107 | Desolati | Reached XP level 20. HP: 165/177 MP: 44/44
 79905 | Desolati | Found the +15 Maxwell's patent armour {-Cast -Tele rElec
                  | Will+ rCorr}
 80197 | Desolati | Reached skill level 10 in Earth Magic
 80390 | Desolati | Got a conspicuous book
 80856 | Desolati | Got a fuliginous book
 80858 | Desolati | Got a curling book
 80919 | Desolati | Reached skill level 15 in Fighting
 80919 | Desolati | Reached skill level 10 in Necromancy
 81078 | Desolati | Got a tattered book
 81186 | Desolati | Identified the amulet of the King {RegenMP rC++ Int-2
                  | Dex+4}
 81246 | Desolati | Identified the +0 ring mail "Bauniridgh" {*Corrode rElec
                  | rF- Str+7}
 81653 | Desolati | Identified the +4 war axe of the Kissing Salmon {pain,
                  | *Slow rN+ Will+ Dex+2}
 82367 | Vaults:4 | Identified the +5 ring mail of Heresy {rF++ Will- rCorr
                  | Dex-5}
 83335 | Vaults:4 | Paralysed by a formless jellyfish for 1 turns
 83947 | Vaults:4 | Noticed Zenata
 83964 | Vaults:4 | Killed Zenata
 84747 | Depths:1 | Entered Level 1 of the Depths
 84788 | Depths:1 | Identified the +4 chain mail "Pougom" {rC+ Int+4 Dex+3}
 84826 | Depths:1 | Acquired the Verses on Congregated Wounds
 84874 | Depths:1 | Reached skill level 1 in Summonings
 84999 | Depths:1 | Found the dreamshard necklace {Acrobat *Dream}
 85473 | Depths:1 | Found Sanoqoic's Book Emporium.
 85473 | Depths:1 | Found Xestamey's Jewellery Shop.
 85474 | Depths:1 | Found Silamag's Book Emporium.
 85670 | Depths:1 | Reached skill level 5 in Summonings
 86098 | Depths:1 | Found a gateway to Hell.
 86276 | Depths:1 | Identified the +1 demon blade of Charity {pain, Int+2}
 86435 | Depths:2 | Reached XP level 21. HP: 192/192 MP: 33/45
 86935 | Depths:2 | Found a one-way gate leading to the halls of Pandemonium.
 87825 | Depths:2 | Learned a level 7 spell: Spellforged Servitor
 87869 | Depths:3 | Noticed a golden dragon
 87874 | Depths:3 | Killed a golden dragon
 88231 | Depths:3 | Reached skill level 10 in Summonings
 88995 | Depths:3 | Identified the +6 mace "Keubier" {holy, rCorr Str+5}
 89519 | Depths:4 | Entered Level 4 of the Depths
 90264 | Depths:1 | Bought the Vellum of Obstruction and Minerals for 720 gold
                  | pieces
 90264 | Depths:1 | Bought a book of Ice for 900 gold pieces
 90264 | Depths:1 | Bought a book of the Earth for 648 gold pieces
 90285 | Depths:1 | Learned a level 5 spell: Lee's Rapid Deconstruction
 90354 | Depths:4 | Found a one-way gateway to a ziggurat.
 90766 | Depths:4 | Noticed a golden dragon
 90770 | Depths:4 | Killed a golden dragon
 91110 | Depths:4 | Found a gate to the Realm of Zot.
 91382 | Depths:4 | Reached skill level 15 in Conjurations
 92035 | Crypt:1  | Entered Level 1 of the Crypt
 92130 | Crypt:1  | Upgraded the game from 0.31-a0-819-gf6de2f5ab6 to
                  | 0.31-a0-831-g143b1e81fc
 92869 | Crypt:1  | Reached XP level 22. HP: 187/200 MP: 35/46
 96510 | Crypt:2  | Identified the +3 scale mail of Whack-A-Mole {rF+}
 96545 | Crypt:2  | Identified the +1 robe of the Mackerel {Str+3}
 96546 | Crypt:2  | Identified the +8 short sword of Labamno {freeze, rC+
                  | Int+2}
 96760 | Crypt:3  | Entered Level 3 of the Crypt
 96860 | Crypt:3  | Found a staircase to the Tomb.
 96860 | Crypt:3  | Identified the ring of Havid {Ice Int+3}
 96860 | Crypt:3  | Noticed Josephina
 96865 | Crypt:3  | Reached skill level 15 in Earth Magic
 96885 | Crypt:3  | Killed Josephina
 97277 | Crypt:3  | Noticed Mennas
 97290 | Crypt:3  | Killed Mennas
 98015 | Vaults:3 | You paid a toll of 4 potions of resistance to enter a
                  | treasure trove
 98016 | Trove    | Identified Sif Muna's Tome of Assembling and Bad Luck (Sif
                  | Muna gifted it to you in a treasure trove)
 98016 | Trove    | Identified Sif Muna's Catalogue of Assistive Glaciation
                  | (Sif Muna gifted it to you in a treasure trove)
 98016 | Trove    | Entered a treasure trove
 98070 | Trove    | Got a thrumming book
 98089 | Trove    | Got a peculiar book
 98249 | Crypt:2  | Learned a level 8 spell: Lehudib's Crystal Spear
 98453 | Crypt:3  | Noticed a dread lich
 98496 | Crypt:3  | Killed a dread lich
 98952 | Crypt:3  | Identified the +4 crystal plate armour "Xoruzu Nucku"
                  | {Str+3}
 99851 | Vaults:2 | Gained mutation: Your movements are slightly less
                  | encumbered by armour. (ER -2) [mutagenic glow]
100174 | Vaults:5 | Entered Level 5 of the Vaults
100267 | Vaults:5 | Noticed an ancient lich
100275 | Vaults:5 | Killed an ancient lich
100302 | Vaults:5 | Reached XP level 23. HP: 146/206 MP: 31/47
100407 | Vaults:5 | Identified the ring "Juxtaaqa" {Will+ Int+3}
101242 | Vaults:5 | Noticed an ancient lich
101250 | Vaults:5 | Killed an ancient lich
101428 | Vaults:5 | Reached skill level 10 in Ice Magic
101633 | Vaults:5 | Noticed Frederick
101786 | Vaults:5 | Noticed an ancient lich
101798 | Vaults:5 | Killed an ancient lich
101894 | Vaults:5 | Killed Frederick
101903 | Vaults:5 | Identified the staff "Dofe" {rF+ rC+ Str+4 Fire}
102093 | Vaults:5 | Identified the +0 helmet of Insurance {rF+ Will++}
102877 | Vaults:5 | Noticed an ancient lich
102882 | Vaults:5 | Killed an ancient lich
103404 | Vaults:5 | Found the +3 hat of Pondering {ponderous, Will+ MP+10
                  | Int+5}
103414 | Vaults:5 | Got a silver rune of Zot
104804 | Slime:2  | Gained mutation: You are clumsy. (Dex -2) [a shining eye]
104810 | Slime:2  | Gained mutation: You have sharp fingernails. [a shining
                  | eye]
104919 | Slime:2  | Lost mutation: You are clumsy. (Dex -2) [potion of
                  | mutation]
104919 | Slime:2  | Lost mutation: Your movements are slightly less encumbered
                  | by armour. (ER -2) [potion of mutation]
104919 | Slime:2  | Lost mutation: You have sharp fingernails. [potion of
                  | mutation]
105231 | Slime:4  | Paralysed by a formless jellyfish for 1 turns
105277 | Slime:5  | Entered Level 5 of the Pits of Slime
106281 | Slime:5  | Noticed the Royal Jelly
106299 | Slime:5  | Killed the Royal Jelly
106300 | Slime:5  | Reached skill level 10 in Fire Magic
106444 | Slime:5  | Identified the +0 fire dragon scales of Disappointment
                  | {Rampage rF++ rC- Will++ Slay+2 Stlth+}
106465 | Slime:5  | Identified the ring of Qykerer {Fly rElec}
106483 | Slime:5  | Identified the amulet "Dalaluc" {Reflect Str+6 SH+5}
106518 | Slime:5  | Identified the +0 orcbow of Uskayaw's Benevolence {flame,
                  | rPois rF+ rC+ Stlth+}
106519 | Slime:5  | Identified the amulet of Muhayvex {Reflect Str+3 SH+5}
106548 | Slime:5  | Identified the +1 ring mail of Boit {rPois Str+4}
106560 | Slime:5  | Got a slimy rune of Zot
106919 | Slime:5  | Reached XP level 24. HP: 215/215 MP: 47/47
106966 | Slime:5  | Paralysed by a formless jellyfish for 1 turns
107147 | Slime:5  | Lost mutation: You are dopey. (Int -2) [potion of mutation]
107147 | Slime:5  | Gained mutation: You expend magic power (3 MP) to
                  | strengthen your wands. [potion of mutation]
107517 | Zot:1    | Entered Level 1 of the Realm of Zot
110513 | Zot:2    | You fall into a shaft and drop 1 floor!
110945 | Zot:3    | Noticed an orb of fire
110953 | Zot:3    | Killed an orb of fire
111827 | Zot:3    | Reached skill level 15 in Fire Magic
112782 | Zot:4    | Noticed Eghefix's ghost (legendary GnFi)
112797 | Zot:4    | Found a runed translucent door.
113334 | Zot:4    | Identified the +2 leather armour of Lyeppihe {+Blink rC+
                  | rN+}
113647 | Zot:4    | Noticed a Killer Klown
113769 | Zot:4    | Noticed a Killer Klown
113773 | Zot:4    | Killed a Killer Klown
113823 | Zot:3    | Killed a Killer Klown
114391 | Zot:5    | Entered Level 5 of the Realm of Zot
114638 | Zot:5    | Noticed an orb of fire
114638 | Zot:5    | Noticed an orb of fire
114638 | Zot:5    | Noticed an orb of fire
114638 | Zot:5    | Noticed an orb of fire
114638 | Zot:5    | Noticed a Killer Klown
114638 | Zot:5    | Noticed an orb of fire
114638 | Zot:5    | Gained mutation: Your body sometimes deteriorates upon
                  | taking damage. [an orb of fire]
114638 | Zot:5    | Noticed a Killer Klown
114639 | Zot:5    | Gained mutation: You have a pair of small antennae on your
                  | head. [an orb of fire]
114640 | Zot:5    | Noticed an orb of fire
114640 | Zot:5    | Noticed an orb of fire
114641 | Zot:5    | Gained mutation: You are frail. (-10% HP) [an orb of fire]
114642 | Zot:5    | Noticed an orb of fire
114642 | Zot:5    | Noticed a Killer Klown
114836 | Zot:5    | Noticed an ancient lich
114861 | Zot:4    | Killed an ancient lich
115040 | Zot:5    | Killed an orb of fire
115155 | Zot:5    | Reached XP level 25. HP: 166/201 MP: 41/47
115164 | Zot:5    | Upgraded the game from 0.31-a0-831-g143b1e81fc to
                  | 0.31-a0-833-gc15d34cb79
115697 | Zot:5    | Reached skill level 11 in Ice Magic
115808 | Zot:5    | Gained mutation: You occasionally lose the ability to read
                  | scrolls when taking damage. [an orb of fire]
115811 | Zot:5    | Killed an orb of fire
115821 | Zot:5    | Lost mutation: Your body sometimes deteriorates upon taking
                  | damage. [potion of mutation]
115821 | Zot:5    | Lost mutation: You expend magic power (3 MP) to strengthen
                  | your wands. [potion of mutation]
115821 | Zot:5    | Lost mutation: You have a pair of small antennae on your
                  | head. [potion of mutation]
115821 | Zot:5    | Gained mutation: You are dopey. (Int -2) [potion of
                  | mutation]
115821 | Zot:5    | Gained mutation: Your body sometimes deteriorates upon
                  | taking damage. [potion of mutation]
115821 | Zot:5    | Gained mutation: You are resistant to electric shocks.
                  | (rElec) [potion of mutation]
115822 | Zot:5    | Lost mutation: You are dopey. (Int -2) [potion of mutation]
115822 | Zot:5    | Lost mutation: You occasionally lose the ability to read
                  | scrolls when taking damage. [potion of mutation]
115822 | Zot:5    | Lost mutation: You are resistant to electric shocks.
                  | (rElec) [potion of mutation]
115822 | Zot:5    | Gained mutation: You are occasionally teleported next to
                  | monsters. [potion of mutation]
115825 | Zot:5    | Noticed an orb of fire
116180 | Vaults:1 | Bought 3 scrolls of blinking for 382 gold pieces
116180 | Vaults:1 | Bought a scroll of teleportation for 51 gold pieces
116180 | Vaults:1 | Bought a scroll of blinking for 127 gold pieces
116579 | Zot:4    | Lost mutation: You are frail. (-10% HP) [potion of
                  | mutation]
116579 | Zot:4    | Lost mutation: Your body sometimes deteriorates upon taking
                  | damage. [potion of mutation]
116579 | Zot:4    | Lost mutation: You are occasionally teleported next to
                  | monsters. [potion of mutation]
116579 | Zot:4    | Gained mutation: Potions are less effective at restoring
                  | your health. [potion of mutation]
116579 | Zot:4    | Gained mutation: You are clumsy. (Dex -2) [potion of
                  | mutation]
116579 | Zot:4    | Lost mutation: You are clumsy. (Dex -2) [potion of
                  | mutation]
116582 | Zot:5    | Lost mutation: Potions are less effective at restoring your
                  | health. [potion of mutation]
116582 | Zot:5    | Gained mutation: You do not regenerate when monsters are
                  | visible. [potion of mutation]
116582 | Zot:5    | Gained mutation: You are strong-willed. (Will+) [potion of
                  | mutation]
116582 | Zot:5    | Gained mutation: You are partially covered in iridescent
                  | scales. (AC +2) [potion of mutation]
116583 | Zot:5    | Lost mutation: You are partially covered in iridescent
                  | scales. (AC +2) [potion of mutation]
116583 | Zot:5    | Lost mutation: You do not regenerate when monsters are
                  | visible. [potion of mutation]
116583 | Zot:5    | Lost mutation: You are strong-willed. (Will+) [potion of
                  | mutation]
116583 | Zot:5    | Gained mutation: You have large cloven feet. [potion of
                  | mutation]
116583 | Zot:5    | Gained mutation: You have hidden genetic defects. [potion
                  | of mutation]
116583 | Zot:5    | Gained mutation: You are frail. (-10% HP) [potion of
                  | mutation]
116584 | Zot:5    | Lost mutation: You have hidden genetic defects. [potion of
                  | mutation]
116584 | Zot:5    | Lost mutation: You have large cloven feet. [potion of
                  | mutation]
116584 | Zot:5    | Lost mutation: You are frail. (-10% HP) [potion of
                  | mutation]
116584 | Zot:5    | Gained mutation: Your movements are slightly less
                  | encumbered by armour. (ER -2) [potion of mutation]
116584 | Zot:5    | Gained mutation: You expend magic power (3 MP) to
                  | strengthen your wands. [potion of mutation]
116584 | Zot:5    | Gained mutation: You are robust. (+10% HP) [potion of
                  | mutation]
116584 | Zot:5    | Gained mutation: You have a pair of small horns on your
                  | head. [potion of mutation]
116603 | Zot:5    | Killed an orb of fire
117453 | Zot:5    | Reached skill level 12 in Ice Magic
117471 | Zot:5    | Noticed a dread lich
117475 | Zot:5    | Killed a dread lich
117507 | Zot:5    | Gained mutation: You have sharp toenails. [an orb of fire]
117509 | Zot:5    | Killed an orb of fire
118136 | Zot:5    | Killed an orb of fire
118137 | Zot:5    | Reached skill level 13 in Ice Magic
118431 | Zot:5    | Gained mutation: Your spells are a little easier to cast,
                  | but a little less powerful. [an orb of fire]
118432 | Zot:5    | Killed an orb of fire
118439 | Zot:5    | Lost mutation: Your movements are slightly less encumbered
                  | by armour. (ER -2) [potion of mutation]
118439 | Zot:5    | Lost mutation: You expend magic power (3 MP) to strengthen
                  | your wands. [potion of mutation]
118439 | Zot:5    | Gained mutation: Potions are less effective at restoring
                  | your health. [potion of mutation]
118439 | Zot:5    | Lost mutation: Your spells are a little easier to cast, but
                  | a little less powerful. [potion of mutation]
118585 | Zot:5    | Reached skill level 14 in Ice Magic
118674 | Zot:5    | Killed an orb of fire
118878 | Zot:5    | Reached skill level 15 in Ice Magic
118986 | Zot:5    | Killed an orb of fire
119120 | Zot:5    | Killed an orb of fire
119462 | Depths:1 | Bought an amulet of magic regeneration for 600 gold pieces
119486 | Depths:1 | Bought a manual of Ice Magic for 1360 gold pieces
119525 | Depths:1 | Voluntarily entered the Abyss.
119721 | Abyss:4  | Reached skill level 1 in Staves
119721 | Abyss:4  | Reached skill level 16 in Ice Magic
119733 | Abyss:4  | Noticed a dread lich
119739 | Abyss:4  | Killed a dread lich
119945 | Depths:1 | Escaped the Abyss
120139 | Depths:1 | Voluntarily entered the Abyss.
120187 | Abyss:4  | Reached skill level 17 in Ice Magic
120243 | Abyss:4  | Got an abyssal rune of Zot
120283 | Depths:1 | Escaped the Abyss
120781 | Zot:5    | Got the Orb of Zot
120795 | Zot:5    | Noticed Ryzxynuo the pandemonium lord
120802 | Zot:5    | Killed Ryzxynuo the pandemonium lord
120803 | Zot:5    | Reached skill level 18 in Ice Magic
121179 | D:13     | Reached XP level 26. HP: 255/255 MP: 47/47
121347 | D:5      | Reached skill level 19 in Ice Magic
121402 | D:2      | Killed Jessica
121483 | D:1      | Lost mutation: You are robust. (+10% HP) [potion of
                  | mutation]
121483 | D:1      | Lost mutation: Potions are less effective at restoring your
                  | health. [potion of mutation]
121483 | D:1      | Gained mutation: You have a considerably increased
                  | reservoir of magic. (+20% MP) [potion of mutation]
121483 | D:1      | Gained mutation: You have razor-sharp toenails. [potion of
                  | mutation]
121487 | D:$      | Escaped with the Orb!

Illustrated notes

Levels and vault maps discovered:
D:1:      grunt_arrival_crossed_arrows, layout_rooms, serial_co_window_serial,
          co_window_of_opportunity_a, co_window_corner_a, co_window_corner_a,
          co_window_paths_a, co_window_corner_a, co_window_2corner,
          co_window_broadway_c, co_window_broadway_c, co_window_4corner_a,
          glass_columns_b, glass_columns_b, glass_columns_a, glass_columns_b,
          glass_columns_b
D:2:      layout_basic, basic_ecumenical_altar, minmay_tromino_v2, uniq_sigmund,
          uniq_jessica
D:3:      layout_rooms, nicolae_qazlal_general_emergency,
          mainiacjoe_overflow_big_doors
D:4:      layout_basic, dk_noncrumbling_2
D:5:      cheibrodos_barr_body, layout_gridville, old_standard_altar,
          nicolae_ossuary_entry_monument, minmay_misc_feat_doors
D:6:      layout_loops_ring, minmay_temple_entry_drinking_statues,
          gammafunk_ghost_hive, uniq_edmund
D:7:      layout_rooms, sword_in_stone
D:8:      layout_basic, okawaru_humans, kennysheep_mini_moat,
          dpeg_lair_monsters, kennysheep_small_square, uniq_prince_ribbit1
D:9:      nicolae_BIG_FREAKIN_CUBE, layout_rooms
D:10:     layout_irregular_city, orc_david_3, nicolae_wooded_promenade,
          corexii_checkpoint_a, minmay_misc_feat_alley
D:11:     layout_layer_cave
D:12:     layout_cave_pools
D:13:     layout_irregular_city, hangedman_vaults_entry_quadrant_bands,
          david_defended_altar_orc, uniq_lodul
D:14:     layout_loops_cross, maelrawn_ghost_gauntlet_escape
D:15:     hangedman_depths_entry_civil_slaughter, layout_long_grid,
          serial_glass, glass_columns_a, glass_columns_a, eino_tiny_chamber,
          uniq_azrael
Lair:1:   layout_small_grid, uniq_grum
Lair:2:   beast_lair_carwin_large_3, layout_loops_ring,
          minmay_swamp_entry_worms, spider_nest_entry_a, basic_altar,
          pdpol_lair_cabin_in_the_woods, lemuel_fruit_tree, uniq_sonja
Lair:3:   layout_roguey, uniq_gastronok, uniq_amaemon, uniq_nessos
Lair:4:   layout_roguey, dpeg_slime_entry_corner, st_stairs_6,
          nicolae_quartered_pool_medium, beast_lair_carwin_5
Lair:5:   wormcave, layout_hall_layers, guppyfry_lair_end_dragon,
          serial_bayou_pond_b
Swamp:1:  layout_falls_marsh, serial_swamp_ruin, evilmike_swamp_ruin_house_3,
          evilmike_swamp_ruin_house_4, swamp_pool1,
          nicolae_swamp_feature_on_the_river_bank
Swamp:2:  layout_basic_swamp, nicolae_swamp_bean_lake, uniq_kirke
Swamp:3:  layout_falls_marsh, nicolae_swamp_big_swirl, worms_lemuel,
          infiniplex_staircase_pool
Swamp:4:  grunt_swamp_rune_castle, layout_basic_swamp, uniq_mara
Spider:1: nicolae_spider_mines_3
Spider:2: layout_spider_delve, nicolae_spider_jagged_tunnels, uniq_arachne
Spider:3: layout_spider_delve, amcnicky_altar_lugonu_corruption
Spider:4: spider_rune_water
Slime:1:  layout_caves
Slime:2:  layout_caves
Slime:3:  layout_caves, cheibrodos_slime_lost_civilization_4
Slime:4:  layout_caves
Slime:5:  slime_pit_nicolae_royal_road_to_ruin
Orc:1:    layout_diamond_mine, serial_shops, shop_coins, abandoned_shop,
          uniq_harold
Orc:2:    st_orc_ogre_mass, layout_caves
Elf:1:    minmay_elf_arrival_circle, layout_gridlike, basic_altar,
          hangedman_elf_represent, hex_intersection, uniq_aizul
Elf:2:    elven_hall_of_blades_hangedman_alternative
          [nicolae_blade_entry_sentries_behind_glass], layout_geoelf_grid
Elf:3:    elf_hall, layout_onion_city, serial_shops, shop, uniq_saint_roka
Vaults:1: hangedman_vaults_stitches, nicolae_vaults_alarming, v_misc_5,
          nicolae_vaults_heart-shaped_vault, v_alt_pattern_3,
          nicolae_vaults_wine_cellar, nicolae_vaults_asterisk,
          nicolae_vaults_oval_intersection, nicolae_vaults_heart-shaped_vault,
          layout_vaults_maze_bifur, serial_shops, shop
Vaults:2: nicolae_vaults_tetromino_L_2, minmay_crypt_entry_necro_gods,
          hangedman_vaults_river_flow, v_misc_11, ontoclasm_vaults_ring_square,
          nicolae_vaults_heart-shaped_vault, nicolae_vaults_storage_room_glass,
          v_rooms_3, nicolae_vaults_tangram_1, nicolae_vaults_closet_pinwheel_4,
          v_misc_28, vaults_room_hallway, layout_vaults_ring
Vaults:3: ontoclasm_vaults_twist, nicolae_vaults_mush_room,
          hangedman_vaults_pinch, nicolae_vaults_doubleplus_tesselated,
          nicolae_vaults_triangles, v_alt_pattern_4, nicolae_vaults_asterisk,
          vaults_mumra_hexcomb, grunt_vaults_funnel,
          nicolae_vaults_cornered_office,
          nicolae_vaults_variable_pillar_hall_cross,
          nicolae_vaults_little_squares_6, layout_vaults_omnibox,
          nicolae_trove_entry_columns, uniq_margery
Vaults:4: portal_desolation_entry_nicolae_nacl,
          nicolae_vaults_door_testing_chamber, vaults_room_stairs_pillars,
          nicolae_vaults_layer_cake_slice, nicolae_vaults_surprise_closet,
          nicolae_vaults_closet_pinwheel_6, nicolae_vaults_diagonal_hallway_8,
          layout_vaults_omnigrid, uniq_zenata
Vaults:5: uniq_frederick
Crypt:1:  layout_regular_city, hangedman_crypt_dual_shrines
Crypt:2:  hangedman_hall_of_fallen_heroes, layout_regular_city
Crypt:3:  church_of_pain_bobbens, layout_chaotic_city,
          nicolae_tomb_entry_unfolded_pyramid_diagonal, uniq_josephina,
          uniq_mennas, uniq_grunn
Depths:1: layout_cave_shapes, hellmouth_2, evilmike_ruin_ashenzari,
          abyss_entry_flame_altar, kennysheep_inner_square, minmay_shop_grove
Depths:2: cheibrodos_quadrivalence, layout_basic,
          chequers_serial_rivers_large_a, abyss_entry, hell_entry, pan_entry,
          infiniplex_staircase_door_maze, grunt_megastairs_5
Depths:3: minmay_the_grid_octo_2x2 [minmay_the_grid_octo_fat_diamond,
          minmay_the_grid_octo_tetromino_candy, minmay_the_grid_octo_shrine,
          minmay_the_grid_octo_prize_big_c], layout_basic, abyss_entry,
          hell_entry, minmay_parallelograms, infiniplex_staircase_pool_2,
          serial_bayou_shore_b
Depths:4: grunt_x_marks_the_spot, layout_cave_shapes, enter_ziggurat_c,
          hell_entry, abyss_entry_crystal, minivault_11
Zot:1:    layout_gridlike
Zot:2:    layout_cellular_growth
Zot:3:    layout_basic
Zot:4:    grunt_zot_stairs_faceoff, layout_concentric_octagons,
          hellmonk_ghost_happy_afterlife
Zot:5:    layout_twisted_circle, st_stairs_1

Skill      XL: |  1  2  3  4  5  6  7  8  9 10 11 12 13 14 15 16 17 18 19 20 21 22 23 24 25 26 |
---------------+-------------------------------------------------------------------------------+-----
Spellcasting   | 2 3 4 5 6 7 8 10 11 13 14 | 14.2
Ice Magic      | 4 5 6 7 8 9 10 18 19 | 19.3
Shields        | 3 5 8 9 12 | 12.0
Necromancy     | 3 5 9 10 | 10.0
Earth Magic    | 3 5 8 9 10 12 15 18 | 18.3
Conjurations   | 4 5 8 9 10 13 15 17 18 | 18.1
Fighting       | 4 6 8 10 11 13 14 17 18 | 18.0
Fire Magic     | 3 5 6 9 10 16 | 16.9
Dodging        | 5 7 |  7.5
Evocations     | 4 5 |  5.0
Armour         | 7 9 |  9.1
Short Blades   | 1 9 |  9.7
Summonings     | 6 10 | 10.4
Staves         | 4 |  4.5
Stealth        | |  1.7

Action                     |  1- 3 |  4- 6 |  7- 9 | 10-12 | 13-15 | 16-18 | 19-21 | 22-24 | 25-27 || total
---------------------------+-------+-------+-------+-------+-------+-------+-------+-------+-------++-------
  Melee: Dagger            |     6 |     8 |    69 |   135 |    27 |       |       |       |       ||   245
         Unarmed           |     2 |       |       |       |       |       |       |       |       ||     2
         Short sword       |       |       |       |       |   325 |   454 |   329 |       |       ||  1108
         Demon blade       |       |       |       |       |       |       |   108 |   371 |       ||   479
         Mace              |       |       |       |       |       |       |       |    18 |       ||    18
         Staff             |       |       |       |       |       |       |       |    18 |   119 ||   137
         Headbutt          |       |       |       |       |       |       |       |       |    49 ||    49
  Throw: Stone             |       |     1 |       |       |       |       |       |       |       ||     1
         Boomerang         |       |       |     1 |    21 |     5 |    16 |       |       |       ||    43
         Dart              |       |       |       |     3 |       |     3 |       |       |       ||     6
         Throwing net      |       |       |       |       |     1 |     1 |       |     1 |       ||     3
         Javelin           |       |       |       |       |       |       |       |     3 |       ||     3
   Cast: Freeze            |    66 |    56 |    77 |   227 |   219 |       |       |       |       ||   645
         Frozen Ramparts   |       |    17 |    49 |   103 |   158 |    52 |   104 |    53 |    13 ||   549
         Summon Ice Beast  |       |     3 |    25 |    38 |    45 |       |       |       |       ||   111
         Borgnjor's Vile C |       |       |       |    47 |   123 |   326 |   278 |   286 |    71 ||  1131
         Fireball          |       |       |       |    23 |   158 |    50 |       |       |       ||   231
         Stone Arrow       |       |       |       |       |   190 |   632 |   783 |   361 |    65 ||  2031
         Inner Flame       |       |       |       |       |    33 |    40 |    52 |    11 |       ||   136
         Freezing Cloud    |       |       |       |       |     1 |    88 |    54 |    49 |    17 ||   209
         Orb of Destructio |       |       |       |       |       |       |    84 |   206 |    22 ||   312
         Lee's Rapid Decon |       |       |       |       |       |       |    39 |   363 |    77 ||   479
         Spellforged Servi |       |       |       |       |       |       |    21 |    37 |    42 ||   100
         Lehudib's Crystal |       |       |       |       |       |       |       |    67 |    53 ||   120
  Evoke: Wand              |       |     1 |     1 |     4 |    12 |    13 |     1 |     3 |     3 ||    38
         Phial of floods   |       |       |       |       |       |       |       |     1 |       ||     1
         Phantom mirror    |       |       |       |       |       |       |       |     1 |       ||     1
         Condenser vane    |       |       |       |       |       |       |       |     1 |       ||     1
    Use: Potion            |       |     1 |     1 |     2 |     9 |     3 |     4 |     8 |    13 ||    41
         Scroll            |       |     5 |     8 |    10 |    17 |     5 |     3 |    14 |     4 ||    66
   Stab: Distracted        |       |       |     1 |       |       |       |       |       |       ||     1
         Invisible         |       |       |     1 |       |       |       |       |       |       ||     1
         Paralysed         |       |       |     2 |       |     3 |       |       |       |       ||     5
         Sleeping          |       |       |       |     1 |       |       |       |       |       ||     1
 Armour: Robe              |    31 |    35 |    71 |       |     1 |   104 |       |       |       ||   242
         Troll leather arm |       |       |    45 |   344 |   435 |       |       |       |       ||   824
         Quicksilver drago |       |       |       |       |   273 |   815 |   715 |   639 |   168 ||  2610
  Dodge: Dodged            |    33 |    30 |    90 |   230 |   580 |   570 |   680 |   604 |   119 ||  2936
  Block: Buckler           |       |       |    21 |   214 |   387 |   346 |       |       |       ||   968
         Kite shield       |       |       |       |       |       |    97 |   675 |   589 |   110 ||  1471

Table legend: (Time is in decaauts)
 A = Elapsed time spent in this place.
 B = Non-inter-level travel time spent in this place.
 C = Inter-level travel time spent in this place.
 D = Time resting spent in this place.
 E = Time spent auto-exploring this place.
 F = Levels seen in this place.
 G = Mean time per level.
                   A        B        C        D        E       F      G
               +--------+--------+--------+--------+--------+-----+--------+
         Total | 122963 | 114331 |   8632 |  44886 |  38478 |  63 | 1951.8 |
       Dungeon |  22446 |  19824 |   2622 |   5140 |   8975 |  15 | 1496.4 |
          Lair |  12844 |  11634 |   1210 |   3964 |   5282 |   5 | 2568.8 |
         Swamp |  11238 |  11063 |    175 |   6064 |   3270 |   4 | 2809.5 |
   Spider Nest |  10583 |  10378 |    205 |   5453 |   2872 |   4 | 2645.8 |
    Slime Pits |   2529 |   2483 |     46 |   1104 |    311 |   5 |  505.8 |
  Orcish Mines |   4555 |   3879 |    676 |   1839 |   1154 |   2 | 2277.5 |
   Elven Halls |  10388 |  10176 |    212 |   5468 |   2072 |   3 | 3462.7 |
        Vaults |  15677 |  14472 |   1205 |   5221 |   4889 |   5 | 3135.4 |
         Crypt |   5953 |   5734 |    219 |   1131 |   2755 |   3 | 1984.3 |
        Depths |   8579 |   7321 |   1258 |   2064 |   2933 |   4 | 2144.8 |
           Zot |  12341 |  11542 |    799 |   4640 |   3407 |   5 | 2468.2 |
         Abyss |   1308 |   1308 |      0 |    408 |     87 |   5 |  261.6 |
         Trove |    104 |    104 |      0 |      0 |      0 |   1 |  104.0 |
       Ossuary |    677 |    677 |      0 |    383 |      3 |   1 |  677.0 |
    Desolation |   3734 |   3734 |      0 |   2005 |    463 |   1 | 3734.0 |
               +--------+--------+--------+--------+--------+-----+--------+

Top non-repeatable levels by time:
   Elf:3: 6138 daAuts
   Zot:5: 4325 daAuts
 Swamp:4: 4009 daAuts
Desolation: 3734 daAuts
Spider:4: 3551 daAuts
Spider:2: 3522 daAuts
    D:13: 3423 daAuts
  Lair:2: 3402 daAuts
Vaults:5: 3399 daAuts
 Swamp:3: 3397 daAuts
Vaults:3: 3259 daAuts
Vaults:2: 3246 daAuts
Vaults:1: 3139 daAuts
  Lair:5: 2991 daAuts
Vaults:4: 2632 daAuts
